TOP OF THE 1ST |
Trois-Riveres Aigles batting - Pitching for London Majors : RHP Mike Swainston
|
Pitching: RHP Mike Swainston
|
|
Batting: RHB Luis Jara
|
0-0: Called Strike 0-1: Ball 1-1: Foul Ball, location: 2F 1-2: Ball 2-2: Fly out, F9 (Flyball, 9, EV 86.2 MPH)
|
Batting: RHB Sandoval Serzedelo
|
0-0: Called Strike 0-1: Called Strike 0-2: Ball 1-2: Ball 2-2: Strikes out swinging
|
Batting: RHB Toshikatsu Omori
|
0-0: Foul Ball, location: 2F 0-1: Ball 1-1: Foul Ball, location: 2F 1-2: Fly out, F9 (Flyball, 9S, EV 95.6 MPH)
|
Top of the 1st over - 0 runs, 0 hits, 0 errors, 0 left on base; Trois-Riveres 0 - London 0 |
BOTTOM OF THE 1ST |
London Majors batting - Pitching for Trois-Riveres Aigles : LHP Jordan Robinson
|
Pitching: LHP Jordan Robinson
|
|
Batting: RHB Carlos Bravo
|
0-0: Swinging Strike 0-1: Ball 1-1: Swinging Strike 1-2: Ball 2-2: Strikes out swinging, 2-3 out at first.
|
Batting: SHB Steve Ramsey
|
0-0: Ball 1-0: Called Strike 1-1: Swinging Strike 1-2: Ground out 5-3 (Groundball, 5D, EV 84.4 MPH)
|
Batting: RHB Cedric Nicholls
|
0-0: Ball 1-0: Swinging Strike 1-1: Ball 2-1: Ball 3-1: Called Strike 3-2: Fly out, F8 (Flyball, 78M, EV 90.0 MPH)
|
Bottom of the 1st over - 0 runs, 0 hits, 0 errors, 0 left on base; Trois-Riveres 0 - London 0 |
TOP OF THE 2ND |
Trois-Riveres Aigles batting - Pitching for London Majors : RHP Mike Swainston
|
Batting: SHB Derek Weaver
|
0-0: Ball 1-0: Foul Ball, location: 2F 1-1: Ball 2-1: Swinging Strike 2-2: Ball 3-2: Hit by Pitch
|
Batting: RHB Alistair Holmes
|
0-0: Ground out 4-3 (Groundball, 34, EV 101.9 MPH) Derek Weaver to second
|
Batting: RHB Micah Logan
|
0-0: Ball 1-0: Called Strike 1-1: Ground out U3 (Groundball, 34, EV 99.4 MPH) Derek Weaver to third
|
Batting: RHB Willie Acevedo
|
0-0: Ball 1-0: Called Strike 1-1: Fly out, F8 (Flyball, 8LD, EV 106.9 MPH)
|
Top of the 2nd over - 0 runs, 0 hits, 0 errors, 1 left on base; Trois-Riveres 0 - London 0 |
BOTTOM OF THE 2ND |
London Majors batting - Pitching for Trois-Riveres Aigles : LHP Jordan Robinson
|
Batting: SHB Toby Patenaude
|
0-0: Called Strike 0-1: Foul Ball, location: 2F 0-2: SINGLE (Flyball, 89S, EV 92.5 MPH)
|
Batting: RHB Cormackle Poohdatoot
|
0-0: Ball 1-0: Called Strike 1-1: Grounds into double play, 6-4-3 (Groundball, 6, EV 83.8 MPH)
|
Batting: RHB Tom Bergman
|
0-0: Ball 1-0: Called Strike 1-1: Ball 2-1: Ball 3-1: Called Strike 3-2: Base on Balls
|
Batting: RHB Lewis O'Connell
|
0-0: Ball 1-0: Fly out, F8 (Flyball, 89S, EV 91.9 MPH)
|
Bottom of the 2nd over - 0 runs, 1 hit, 0 errors, 1 left on base; Trois-Riveres 0 - London 0 |
TOP OF THE 3RD |
Trois-Riveres Aigles batting - Pitching for London Majors : RHP Mike Swainston
|
Batting: RHB Danny Mota
|
0-0: SINGLE (Line Drive, 9S, EV 91.9 MPH)
|
Batting: RHB Ben Saxton
|
0-0: Ball 1-0: Foul Ball, location: 2F 1-1: Ball 2-1: Foul Ball, location: 2F 2-2: Foul Ball, location: 2F 2-2: Foul Ball, location: 2F 2-2: Ball 3-2: Strikes out swinging
|
Batting: RHB Luis Jara
|
0-0: Ball 1-0: Swinging Strike 1-1: Called Strike 1-2: Ball 2-2: Ball 3-2: Strikes out swinging
|
Batting: RHB Sandoval Serzedelo
|
0-0: Ball 1-0: Ball 2-0: Called Strike 2-1: Foul Ball, location: 2F 2-2: Strikes out swinging
|
Top of the 3rd over - 0 runs, 1 hit, 0 errors, 1 left on base; Trois-Riveres 0 - London 0 |
BOTTOM OF THE 3RD |
London Majors batting - Pitching for Trois-Riveres Aigles : LHP Jordan Robinson
|
Batting: RHB Frank Pinksen
|
0-0: Foul Ball, location: 2F 0-1: Ball 1-1: SINGLE (Groundball, 6MD, EV 94.4 MPH)
|
Batting: RHB Jerry Perez
|
0-0: Called Strike 0-1: Ball 1-1: Ball 2-1: Ball 3-1: Fly out, F7 (Flyball, 7, EV 84.4 MPH)
|
Batting: RHB Carlos Bravo
|
0-0: Ball 1-0: Swinging Strike Pickoff Throw to First - Out! 1-3 1-1: Foul Ball, location: 2F 1-2: Strikes out looking
|
Bottom of the 3rd over - 0 runs, 1 hit, 0 errors, 0 left on base; Trois-Riveres 0 - London 0 |
TOP OF THE 4TH |
Trois-Riveres Aigles batting - Pitching for London Majors : RHP Mike Swainston
|
Batting: RHB Toshikatsu Omori
|
0-0: Ball 1-0: Foul Ball, location: 2F 1-1: SINGLE (Line Drive, 3D, EV 101.9 MPH)
|
Batting: SHB Derek Weaver
|
0-0: Ball 1-0: Ball 2-0: Called Strike 2-1: Ball 3-1: Foul Ball, location: 2F 3-2: Strikes out swinging Toshikatsu Omori is caught stealing 2nd base 2-6 Batter strikes out.
|
Batting: RHB Alistair Holmes
|
0-0: Ground out 4-3 (Groundball, 4, EV 103.1 MPH)
|
Top of the 4th over - 0 runs, 1 hit, 0 errors, 0 left on base; Trois-Riveres 0 - London 0 |
BOTTOM OF THE 4TH |
London Majors batting - Pitching for Trois-Riveres Aigles : LHP Jordan Robinson
|
Batting: SHB Steve Ramsey
|
0-0: Ball 1-0: Ball 2-0: Ball 3-0: Base on Balls
|
Batting: RHB Cedric Nicholls
|
0-0: SINGLE (Line Drive, 5D, EV 94.4 MPH) Steve Ramsey to second
|
Batting: SHB Toby Patenaude
|
0-0: Ball 1-0: Ball 2-0: Called Strike 2-1: Foul Ball, location: 2F 2-2: Grounds into double play, 6-4-3 (Groundball, 6, EV 81.9 MPH) Steve Ramsey to third
|
Batting: RHB Cormackle Poohdatoot
|
0-0: Swinging Strike 0-1: Foul Ball, location: 2F 0-2: Strikes out swinging
|
Bottom of the 4th over - 0 runs, 1 hit, 0 errors, 1 left on base; Trois-Riveres 0 - London 0 |
TOP OF THE 5TH |
Trois-Riveres Aigles batting - Pitching for London Majors : RHP Mike Swainston
|
Batting: RHB Micah Logan
|
0-0: Foul Ball, location: 2F 0-1: DOUBLE (Flyball, 8LD, EV 97.5 MPH)
|
Batting: RHB Willie Acevedo
|
0-0: Foul Ball, location: 2F 0-1: Foul Ball, location: 2F 0-2: Hit by Pitch
|
Batting: RHB Danny Mota
|
0-0: Called Strike 0-1: Called Strike 0-2: Ball 1-2: Strikes out looking
|
Batting: RHB Ben Saxton
|
0-0: Reached on error, E7 (Flyball, 7LM, EV 91.2 MPH) Micah Logan scores Willie Acevedo to third
|
Batting: RHB Luis Jara
|
0-0: Called Strike 0-1: Called Strike 0-2: Ground out 5-3 (Groundball, 5, EV 100.6 MPH)
|
Batting: RHB Sandoval Serzedelo
|
0-0: Foul Ball, location: 2F 0-1: Foul Ball, location: 2F 0-2: Ball 1-2: Ball 2-2: 3-RUN HOME RUN (Flyball, 9LD, EV 98.8 MPH), Distance : 358 ft
|
Batting: RHB Toshikatsu Omori
|
0-0: Called Strike 0-1: Ball 1-1: Ball 2-1: Foul Ball, location: 2F 2-2: Ball 3-2: SINGLE (Groundball, 6S, EV 68.1 MPH) (infield hit)
|
Batting: SHB Derek Weaver
|
0-0: Foul Ball, location: 2F 0-1: Ground out 1-3 (Groundball, 34S, EV 65.6 MPH)
|
Top of the 5th over - 4 runs, 3 hits, 1 error, 1 left on base; Trois-Riveres 4 - London 0 |
BOTTOM OF THE 5TH |
London Majors batting - Pitching for Trois-Riveres Aigles : LHP Jordan Robinson
|
Batting: RHB Tom Bergman
|
0-0: Called Strike 0-1: Ball 1-1: Foul Ball, location: 2F 1-2: Fly out, F7 (Line Drive, 7D, EV 105.6 MPH)
|
Batting: RHB Lewis O'Connell
|
0-0: Ball 1-0: Ball 2-0: Foul Ball, location: 2F 2-1: Called Strike 2-2: Ball 3-2: Foul Ball, location: 2F 3-2: Strikes out swinging
|
Batting: RHB Frank Pinksen
|
0-0: Ball 1-0: Ball 2-0: Fly out, F9 (Flyball, 89S, EV 91.2 MPH)
|
Bottom of the 5th over - 0 runs, 0 hits, 0 errors, 0 left on base; Trois-Riveres 4 - London 0 |
TOP OF THE 6TH |
Trois-Riveres Aigles batting - Pitching for London Majors : RHP Mike Swainston
|
Batting: RHB Alistair Holmes
|
0-0: Called Strike 0-1: Foul Ball, location: 2F 0-2: Ball 1-2: Strikes out swinging
|
Batting: RHB Micah Logan
|
0-0: Ball 1-0: Ball 2-0: Called Strike 2-1: Fly out, F9 (Flyball, 9, EV 83.1 MPH)
|
Batting: RHB Willie Acevedo
|
0-0: Ball 1-0: Called Strike 1-1: Ground out 1-3 (Groundball, 13, EV 70.0 MPH)
|
Top of the 6th over - 0 runs, 0 hits, 0 errors, 0 left on base; Trois-Riveres 4 - London 0 |
BOTTOM OF THE 6TH |
London Majors batting - Pitching for Trois-Riveres Aigles : LHP Jordan Robinson
|
Batting: RHB Jerry Perez
|
0-0: Fly out, F9 (Line Drive, 9, EV 87.5 MPH)
|
Batting: RHB Carlos Bravo
|
0-0: Called Strike 0-1: DOUBLE (Line Drive, 8LD, EV 106.2 MPH)
|
Batting: SHB Steve Ramsey
|
0-0: Ball 1-0: SINGLE (Line Drive, 89M, EV 96.2 MPH) Carlos Bravo to third
|
Batting: RHB Cedric Nicholls
|
0-0: Called Strike 0-1: Foul Ball, location: 2F 0-2: Reached on error, E6 (Groundball, 6, EV 86.2 MPH) Carlos Bravo scores Steve Ramsey to second
|
Batting: SHB Toby Patenaude
|
0-0: Called Strike 0-1: Ball 1-1: DOUBLE (Flyball, 89D, EV 95.6 MPH) Steve Ramsey scores Cedric Nicholls to third
|
Batting: RHB Cormackle Poohdatoot
|
0-0: Ball 1-0: Ball 2-0: Called Strike 2-1: Ball 3-1: Fly out, F8 (Flyball, 8RD, EV 104.4 MPH) Runner from 3rd tags up, OUT at HOME! 8-2
|
Bottom of the 6th over - 2 runs, 3 hits, 1 error, 1 left on base; Trois-Riveres 4 - London 2 |
TOP OF THE 7TH |
Trois-Riveres Aigles batting - Pitching for London Majors : RHP Mike Swainston
|
Pitching: RHP Victor Ortiz
|
|
Batting: RHB Danny Mota
|
0-0: Swinging Strike 0-1: Foul Ball, location: 2F 0-2: Strikes out swinging
|
Batting: RHB Ben Saxton
|
0-0: Foul Ball, location: 2F 0-1: Ground out 4-3 (Groundball, 34, EV 85.6 MPH)
|
Batting: RHB Luis Jara
|
0-0: Ball 1-0: SINGLE (Groundball, 13S, EV 70.6 MPH) (infield hit)
|
Batting: RHB Sandoval Serzedelo
|
0-0: Called Strike Luis Jara is caught stealing 2nd base 2-4
|
Top of the 7th over - 0 runs, 1 hit, 0 errors, 0 left on base; Trois-Riveres 4 - London 2 |
BOTTOM OF THE 7TH |
London Majors batting - Pitching for Trois-Riveres Aigles : LHP Jordan Robinson
|
Batting: RHB Tom Bergman
|
0-0: Ball 1-0: Called Strike 1-1: Fly out, F5 (Line Drive, 5, EV 67.5 MPH)
|
Batting: RHB Lewis O'Connell
|
0-0: Ball 1-0: Swinging Strike 1-1: Foul Ball, location: 2F 1-2: Ball 2-2: Strikes out swinging
|
Batting: RHB Frank Pinksen
|
0-0: Ball 1-0: Fly out, F8 (Flyball, 8RS, EV 93.1 MPH)
|
Bottom of the 7th over - 0 runs, 0 hits, 0 errors, 0 left on base; Trois-Riveres 4 - London 2 |
TOP OF THE 8TH |
Trois-Riveres Aigles batting - Pitching for London Majors : RHP Victor Ortiz
|
Batting: LHB Jonathan Watt
|
0-0: Ball 1-0: Ball 2-0: Called Strike 2-1: Ball 3-1: Base on Balls
|
Batting: RHB Toshikatsu Omori
|
0-0: Foul Ball, location: 2F 0-1: Foul Ball, location: 2F 0-2: SINGLE (Line Drive, 3D, EV 98.1 MPH) Jonathan Watt to second
|
Batting: SHB Derek Weaver
|
0-0: Ball 1-0: Foul Ball, location: 2F 1-1: Called Strike 1-2: Strikes out swinging
|
Pinch Hitting: LHB Ian Cranton
|
0-0: Ball 1-0: Foul Ball, location: 2F 1-1: Swinging Strike 1-2: Ball 2-2: Ball 3-2: Grounds into double play, 5-4-3 (Groundball, 56S, EV 81.9 MPH)
|
Top of the 8th over - 0 runs, 1 hit, 0 errors, 1 left on base; Trois-Riveres 4 - London 2 |
BOTTOM OF THE 8TH |
London Majors batting - Pitching for Trois-Riveres Aigles : LHP Jordan Robinson
|
Now in RF: Gilbert Hoareau
|
|
Batting: RHB Jerry Perez
|
0-0: Called Strike 0-1: Foul Ball, location: 2F 0-2: Foul Ball, location: 2F 0-2: Foul Ball, location: 2F 0-2: Fly out, F3 (Popup, 3F, EV 77.5 MPH)
|
Batting: RHB Carlos Bravo
|
0-0: Foul Ball, location: 2F 0-1: Foul Ball, location: 2F 0-2: Foul Ball, location: 2F 0-2: Ball 1-2: Ball 2-2: Ball 3-2: Base on Balls
|
Pitching: RHP Mo Vaughan
|
|
Pinch Hitting: LHB Edwin Esparza
|
0-0: Ball 1-0: Ball 2-0: Called Strike 2-1: Foul Ball, location: 2F 2-2: Foul Ball, location: 2F 2-2: Foul Ball, location: 2F 2-2: Ball 3-2: Fly out, F8 (Line Drive, 8LD, EV 90.0 MPH)
|
Batting: SHB Joe Loveless
|
0-0: Ball 1-0: Called Strike 1-1: Ball 2-1: Swinging Strike 2-2: Foul Ball, location: 2F 2-2: Ball 3-2: Foul Ball, location: 2F 3-2: Base on Balls Carlos Bravo to second
|
Batting: SHB Toby Patenaude
|
0-0: Ball 1-0: Ball 2-0: Called Strike 2-1: Called Strike 2-2: Ball 3-2: Foul Ball, location: 2F 3-2: Fly out, F8 (Flyball, 8LS, EV 71.9 MPH)
|
Bottom of the 8th over - 0 runs, 0 hits, 0 errors, 2 left on base; Trois-Riveres 4 - London 2 |
TOP OF THE 9TH |
Trois-Riveres Aigles batting - Pitching for London Majors : RHP Victor Ortiz
|
Now in CF: Joy-shan Li
|
|
Batting: RHB Micah Logan
|
0-0: Called Strike 0-1: Called Strike 0-2: Strikes out looking
|
Batting: RHB Willie Acevedo
|
0-0: Ball 1-0: Called Strike 1-1: Foul Ball, location: 2F 1-2: Ball 2-2: Fly out, F8 (Flyball, 8RM, EV 90.0 MPH)
|
Batting: RHB Danny Mota
|
0-0: Swinging Strike 0-1: Ball 1-1: Called Strike 1-2: Ball 2-2: Foul Ball, location: 2F 2-2: Strikes out looking
|
Top of the 9th over - 0 runs, 0 hits, 0 errors, 0 left on base; Trois-Riveres 4 - London 2 |
BOTTOM OF THE 9TH |
London Majors batting - Pitching for Trois-Riveres Aigles : RHP Mo Vaughan
|
Pinch Hitting: RHB Chad Colyer
|
0-0: Called Strike 0-1: Foul Ball, location: 2F 0-2: Ball 1-2: Foul Ball, location: 2F 1-2: Ball 2-2: Ball 3-2: Strikes out swinging
|
Pinch Hitting: SHB Mike Fermin
|
0-0: Ball 1-0: Foul Ball, location: 2F 1-1: Ball 2-1: Foul Ball, location: 2F 2-2: Strikes out swinging
|
Pinch Hitting: LHB Jessie Stewart
|
0-0: Swinging Strike 0-1: Ball 1-1: Ground out 6-3 (Groundball, 6, EV 83.1 MPH)
|
Bottom of the 9th over - 0 runs, 0 hits, 0 errors, 0 left on base; Trois-Riveres 4 - London 2 |
|